 Dungeon Crawl Stone Soup version 0.22.1-2-g9c5b331 (webtiles) character file.

755 Lilu the Destroyer (level 7, -9/36 HPs)
             Began as a Deep Elf Conjurer on Nov 25, 2018.
             Killed by divine providence
             ... invoked by an orc priest
              (15 damage)
             ... on level 5 of the Dungeon.
             The game lasted 00:20:36 (4795 turns).

Lilu the Destroyer (Deep Elf Conjurer)              Turns: 4795, Time: 00:20:37

Health: -9/36      AC:  5    Str:  5    XL:     7   Next: 49%
Magic:  40/40      EV: 14    Int: 22    God:
Gold:   189        SH:  0    Dex: 15    Spells: 8/15 levels left

rFire    . . .     SeeInvis .   t - staff of power
rCold    . . .     Gourm    .   (no shield)
rNeg     . . .     Faith    .   b - +0 leather armour {rPois}
rPois    +         Spirit   .   (no helmet)
rElec    .         Reflect  .   (no cloak)
rCorr    .         Harm     .   k - +0 pair of gloves
MR       .....                  f - +0 pair of boots
Stlth    +++.......             u - amulet of inaccuracy (curse)
HPRegen  0.12/turn              s - ring of stealth
MPRegen  0.27/turn              q - ring of magical power

@: no status effects
A: no striking features
a: no special abilities


You were on level 5 of the Dungeon.
You were very hungry.

You visited 1 branch of the dungeon, and saw 5 of its levels.

You collected 189 gold pieces.

Inventory:

Hand Weapons
 d - a +0 club
 z - a +1 spear of venom
 E - a +0 shortbow
Missiles
 e - 3 tomahawks (quivered)
 h - 27 sling bullets
 m - 6 javelins
 F - 32 arrows
Armour
 b - a +0 leather armour of poison resistance (worn)
 f - a +0 pair of boots (worn)
 i - a +1 ring mail of cold resistance
 k - a +0 pair of gloves (worn)
Magical Staves
 t - an uncursed staff of power (weapon)
Jewellery
 g - a +5 ring of strength
 j - an uncursed amulet of guardian spirit
 q - a ring of magical power (right hand)
 s - a ring of stealth (left hand)
 u - a cursed amulet of inaccuracy (around neck)
Scrolls
 n - 2 scrolls of remove curse {unknown}
 o - 3 scrolls of random uselessness {unknown}
 r - a scroll of magic mapping {unknown}
 x - 2 scrolls of identify {unknown}
 y - 2 scrolls of amnesia {unknown}
 B - a scroll of fog {unknown}
 D - a scroll of noise {unknown}
Potions
 a - a potion of flight {unknown}
 l - a potion of degeneration {unknown}
 p - 3 potions of curing {unknown}
 v - a potion of invisibility {unknown}
 w - a potion of lignification {unknown}
 A - a potion of agility {unknown}
 C - a potion of might {unknown}
 G - a potion of heal wounds {unknown}
Comestibles
 c - 9 rations


   Skills:
 + Level 5.1 Dodging
 - Level 2.4 Stealth
 - Level 4.8 Spellcasting
 * Level 8.7 Conjurations


You had 8 spell levels left.
You knew the following spells:

 Your Spells              Type           Power        Failure   Level  Hunger
a - Magic Dart            Conj           ####         1%          1    None
b - Searing Ray           Conj           #####.       1%          2    None
c - Iskenderun's Mystic   Conj           #####...     4%          4    ####...

Your spell library contained the following spells:

 Spells                   Type           Power        Failure   Level  Hunger
 Dazzling Spray           Conj/Hex       ###...       9%          3    ##.....
 Force Lance              Conj/Tloc      ###.....     28%         4    ####...
 Fulminant Prism          Conj/Hex       ###.......   28%         4    ####...


Dungeon Overview and Level Annotations

Branches:
Dungeon (5/15)             Temple (0/1) D:4

Altars:
Elyvilon
Fedhas
Gozag
Qazlal
Sif Muna
Wu Jian
Zin


Message History

You see here a shortbow.
You found an alarm trap!
Really walk onto that alarm trap? [Y]es or [N]o only, please.
Really walk onto that alarm trap? [Y]es or [N]o only, please.
Really walk onto that alarm trap?
Okay, then.
You are feeling very hungry.
You see here a shortbow.
An orc wizard comes into view. It is wielding a dagger.
An orc and an orc priest come into view.
The orc wizard shouts!
You hear a shout!
The orc shouts!
The orc priest shouts!
An orc comes into view.
The orc priest calls down the wrath of Beogh upon you.
Beogh smites you!
* * * LOW HITPOINT WARNING * * *
The orc priest mumbles some strange prayers to Beogh against you.
Beogh smites you!
You die...

##.# ######...## ##.#
#.....###.# ##.# #.##..#
#.# .#.# #.##..###.# ##
.#.# #.##.#...## .. ..#
#.##.###.# .# ####
#......).# .#
...#####...#######.###...
.#.#+...........@...ooo..
.#.#####....######.###o..
##.# ##.#.# ... ...#
###.# #### .### #.#
###### #.# .....### #.#
.......## #.# .P..P...#
#.#


You could see an orc priest, an orc wizard and 2 orcs.

Vanquished Creatures
  An ice beast (D:5)
  2 centaurs (D:5)
  2 orc priests (D:4)
  A jelly (D:5)
  A hound (D:4)
  4 orc wizards
  An iguana (D:4)
  A worker ant (D:2)
  7 gnolls
  9 adders
  An ooze (D:4)
  A worm (D:2)
  A dart slug (D:2)
  4 leopard geckos
  9 orcs
  A ball python (D:1)
  A giant cockroach (D:3)
  2 goblins
  4 hobgoblins
  8 jackals
  4 quokkas
  3 bats
  4 frilled lizards
  7 kobolds
  7 rats
86 creatures vanquished.

Notes
Turn   | Place    | Note
-------+----------+-------------------------------------------
     0 | D:1      | Lilu the Deep Elf Conjurer began the quest for the Orb.
     0 | D:1      | Reached XP level 1. HP: 10/10 MP: 6/6
   414 | D:1      | Reached XP level 2. HP: 15/15 MP: 6/8
   418 | D:1      | Learned a level 2 spell: Searing Ray
  1192 | D:1      | Reached skill level 5 in Conjurations
  1495 | D:2      | Reached XP level 3. HP: 19/19 MP: 5/10
  1825 | D:2      | Found an opulent altar of Gozag.
  1861 | D:2      | Reached XP level 4. HP: 24/24 MP: 12/12
  1922 | D:2      | Reached skill level 6 in Conjurations
  2337 | D:3      | Reached XP level 5. HP: 28/28 MP: 14/14
  2655 | D:3      | Learned a level 4 spell: Iskenderun's Mystic Blast
  2851 | D:3      | Found a deep blue altar of Sif Muna.
  3466 | D:4      | Reached skill level 7 in Conjurations
  3466 | D:4      | Reached XP level 6. HP: 32/32 MP: 15/15
  3641 | D:4      | Found a glowing silver altar of Zin.
  3655 | D:4      | Found an ornate altar of the Wu Jian Council.
  3655 | D:4      | Found a white marble altar of Elyvilon.
  3671 | D:4      | Found a staircase to the Ecumenical Temple.
  4224 | D:4      | Found a blossoming altar of Fedhas.
  4227 | D:4      | Found a stormy altar of Qazlal.
  4460 | D:5      | Entered Level 5 of the Dungeon
  4535 | D:5      | Reached skill level 8 in Conjurations
  4666 | D:5      | Reached XP level 7. HP: 32/36 MP: 16/16
  4760 | D:5      | Reached skill level 5 in Dodging
  4795 | D:5      | Killed from afar by an orc priest

Skill      XL: |  1  2  3  4  5  6  7 |
---------------+----------------------+-----
Conjurations   | 5 6 7 8 |  8.7
Spellcasting   | 4 |  4.8
Dodging        | 3 4 5 |  5.1
Stealth        | |  2.4

Action                   |  1- 3 |  4- 6 |  7- 9 || total
-------------------------+-------+-------+-------++-------
Melee: Club              |     5 |     4 |       ||     9
 Cast: Magic Dart        |    54 |    50 |       ||   104
       Searing Ray       |     4 |    26 |     3 ||    33
       Iskenderun's Myst |       |     3 |       ||     3
  Eat: Chunk             |     3 |     8 |       ||    11
Armor: Robe              |     6 |       |       ||     6
       Leather armour    |       |     8 |     1 ||     9
Dodge: Dodged            |    18 |    20 |     3 ||    41
